 Dungeon Crawl Stone Soup version 0.28.0-45-g0d030f2227 (webtiles) character file.

Game seed: 5518873714610205774

14692 pkoi the Prestidigitator (level 11, -1/89 HPs)
             Began as a Demigod Artificer on Apr 19, 2022.
             Slain by a cane toad (15 damage)
             ... on level 1 of the Lair of Beasts.
             The game lasted 00:30:00 (16603 turns).

pkoi the Prestidigitator (Demigod Artificer)       Turns: 16603, Time: 00:30:00

Health: -1/89      AC: 11    Str: 16    XL:     11   Next: 61%
Magic:  0/20       EV: 13    Int: 25    God:
Gold:   682        SH:  0    Dex: 17    Spells: 12/17 levels left

rFire   . . .      SeeInvis .   j - +6 short sword "Manigomo" {flame, Str+3 Dex+3}
rCold   + . .      Faith    .   (no shield)
rNeg    . . .      Spirit   +   B - +0 troll leather armour
rPois   .          Reflect  .   v - +0 helmet
rElec   .          Harm     .   y - scarf {repulsion}
rCorr   .          Rampage  .   a - +0 pair of gloves
Will    +....                   (no boots)
Stlth   +++.......              i - amulet of Gutuof {Spirit rC+}
HPRegen 1.04/turn               g - ring of Xophesy {+Blink AC+4}
MPRegen 0.17/turn               p - ring of wizardry

@: repel missiles
A: high MP 1, forlorn, divine attributes
a: Evoke Blink


You were on level 1 of the Lair of Beasts.
You visited 2 branches of the dungeon, and saw 11 of its levels.
You also visited: Bailey.

You collected 682 gold pieces.

Inventory:

Hand Weapons
 j - the +6 short sword "Manigomo" (weapon) {flame, Str+3 Dex+3}
   (You found it on level 2 of the Dungeon)

   It burns those it strikes, dealing additional fire damage.
   Str:       It affects your strength (+3).
   Dex:       It affects your dexterity (+3).
 w - a +1 dagger of venom
 E - the +4 trident of Jusiu {venom, Drain rC- rCorr Dex+7}
   (You found it on level 8 of the Dungeon)

   It poisons the flesh of those it strikes.
   Dex:       It affects your dexterity (+7).
   rC:        It makes you vulnerable to cold.
   rCorr:     It protects you from acid and corrosion.
   Drain:     It drains your maximum health when unequipped.
 M - the +5 trident of Ylangas {freeze, rC+}
   (You found it on level 9 of the Dungeon)

   It freezes those it strikes, dealing additional cold damage.
   It can also slow down cold-blooded creatures.
   rC:        It protects you from cold.
Missiles
 f - 10 boomerangs
 k - 3 curare-tipped darts
 m - 16 poisoned darts
 C - 8 atropa-tipped darts
 D - 6 silver javelins
 K - 4 throwing nets
Armour
 a - a +0 pair of gloves (worn)
 h - a +0 robe
 s - a +0 plate armour
 v - a +0 helmet (worn)
 y - a scarf of repulsion (worn)
 B - a +0 troll leather armour (worn)
Jewellery
 g - the ring of Xophesy (left hand) {+Blink AC+4}
   (You acquired it on level 2 of the Dungeon)

   [ring of protection]

   AC:        It affects your AC (+4).
   +Blink:    It lets you blink.
 i - the amulet of Gutuof (around neck) {Spirit rC+}
   (You found it on level 6 of the Dungeon)

   [amulet of guardian spirit]

   It causes incoming damage to be divided between your reserves of health and
   magic.
   rC:        It protects you from cold.
 p - a ring of wizardry (right hand)
 t - a +6 ring of strength
Wands
 c - a wand of flame (2) (quivered)
 d - a wand of charming (12)
 r - a wand of acid (1)
 u - a wand of paralysis (2)
 F - a wand of polymorph (4)
Scrolls
 l - 3 scrolls of identify
 z - a scroll of brand weapon
 H - 2 scrolls of teleportation
 J - 2 scrolls of amnesia
 L - a scroll of fog
 P - a scroll of fear
Potions
 b - 3 potions of curing
 n - 2 potions of mutation
 o - a potion of haste
 q - a potion of lignification
 x - 2 potions of heal wounds
 G - a potion of invisibility
 I - a potion of brilliance
 O - a potion of might
Miscellaneous
 e - a piece from Xom's chessboard (11/15)
 A - a phial of floods
 N - a phantom mirror


   Skills:
 - Level 6.0 Fighting
 + Level 5.3 Short Blades
 + Level 4.1 Armour
 - Level 3.5 Dodging
 + Level 5.8 Stealth
 + Level 3.7 Spellcasting
 + Level 5.5 Conjurations
 + Level 5.6 Fire Magic
 + Level 11.1 Evocations


You had 12 spell levels left.
You knew the following spells:

 Your Spells              Type           Power      Damage    Failure   Level
a - Fireball              Conj/Fire      16%        3d8       12%         5

Your spell library contained the following spells:

 Spells                   Type           Power      Damage    Failure   Level
 Magic Dart               Conj           100%       1d8       1%          1
 Searing Ray              Conj           64%        2d6       1%          2
 Slow                     Hex            16%        N/A       4%          1
 Confusing Touch          Hex            4%         N/A       13%         3
 Vampiric Draining        Necr           4%         2d6       13%         3
 Fulminant Prism          Conj/Hex       9%         3d7       14%         4
 Starburst                Conj/Fire      16%        6d6       52%         6
 Ignition                 Fire           16%        3d6       100%        8


Dungeon Overview and Level Annotations

Branches:
Dungeon (9/15)             Temple (0/1) D:7            Lair (2/6) D:8
 Bailey (visited)
  Swamp: Lair:2-4    Shoals: Lair:2-4     Snake: Lair:2-4    Spider: Lair:2-4
    Orc: D:9-12


Innate Abilities, Weirdness & Mutations

You have an increased reservoir of magic. (+10% MP)
You shall have no god before yourself.
Your divine heritage dramatically boosts your attributes as you level up.


Message History

The komodo dragon is lightly wounded.
You feel sick. The komodo dragon bites you.
* * * LOW HITPOINT WARNING * * *
Your cane toad stings the komodo dragon.
You hit the komodo dragon but do no damage.
The komodo dragon is lightly wounded.
You feel sick. The komodo dragon bites you!!
* * * LOW HITPOINT WARNING * * *
Your cane toad barely misses the komodo dragon.
You hit the komodo dragon but do no damage.
The komodo dragon is lightly wounded.
You feel sick.
Your cane toad stings the komodo dragon!
The komodo dragon looks as sick as possible!
Your cane toad poisons the komodo dragon!
The komodo dragon completely misses you.
Aiming: Corrosive Bolt
Press: ? - help, Shift-Dir - straight line, f - komodo dragon, p - cane toad
Aim: a komodo dragon (moderately wounded, extremely poisoned, ally target, 82% to hit)
The bolt of acid hits the komodo dragon!!
The acid corrodes the komodo dragon!
The komodo dragon is severely wounded.
You feel sick.
Your cane toad barely misses the komodo dragon.
The komodo dragon misses you.
Unknown command.
You puncture the komodo dragon! You burn the komodo dragon.
You kill the komodo dragon!
You feel sick.
Unknown command.
You feel sick.
You are no longer poisoned.
You see here a komodo dragon corpse.
Unknown command.
Really attack your cane toad?
You hit your cane toad but do no damage.
The cane toad is no longer charmed.
The cane toad is almost dead.
The cane toad stings you!!
You die...

#^............ .#####
##............
...#P.######..##........
#......[P#...####....##
#........#..# ###.#.#
#..........####......
#....................
#....................
#..F@................
#..............#.....
##....................
#............#.#......
##..........####......
#.###......#####......
## ###....# #P.......
#.....# #........
###.### ###......


You could see a cane toad.

Vanquished Creatures
  A hydra (Lair:1)
  Erica (D:8)
  A two-headed ogre (D:8)
  An orc knight (Bailey)
  Pikel (D:4)
  Maurice (D:8)
  3 cane toads
  A komodo dragon (Lair:1)
  2 trolls
  A hornet (D:9)
  4 blink frogs (Lair:1)
  A wyvern (D:8)
  Eustachio (D:6)
  27 yaks
  Menkaure (D:5)
  4 water moccasins
  2 black bears
  7 orc warriors
  2 necrophages
  2 ogres (D:5)
  8 wolves
  3 centaurs
  3 lemures (D:3)
  A phantom (D:5)
  4 bullfrogs
  7 kobold brigands
  A gnoll sergeant (D:9)
  3 scorpions
  A wyvern zombie (D:7)
  A water moccasin zombie (D:5)
  A water moccasin skeleton (D:6)
  2 howler monkeys
  3 electric eels (D:8)
  2 centaur zombies
  A crimson imp (D:4)
  2 bullfrog skeletons (D:7)
  A gnoll shaman (D:3)
  7 hounds
  A jelly (D:4)
  An orc priest (D:5)
  Crazy Yiuf (D:6)
  2 centaur skeletons (D:7)
  Natasha (thrice) (D:2)
  5 orc wizards
  A hound skeleton (D:5)
  9 gnolls
  5 adders
  A white imp (D:7)
  An ufetubus (D:6)
  An adder zombie (D:5)
  3 worms (D:2)
  5 dart slugs
  33 orcs
  7 ball pythons
  6 bats
  8 endoplasms
  5 giant cockroaches
  7 goblins
  7 hobgoblins
  22 kobolds
  3 quokkas
  3 frilled lizards
  24 rats
279 creatures vanquished.

Vanquished Creatures (collateral kills)
  A gnoll (D:2)
1 creature vanquished.

Vanquished Creatures (others)
  A hobgoblin (D:2)
  2 fungi (Lair:1)
  22 plants
25 creatures vanquished.

Grand Total: 305 creatures vanquished

Notes
Turn   | Place    | Note
-------+----------+-------------------------------------------
     0 | D:1      | pkoi the Demigod Artificer began the quest for the Orb.
     0 | D:1      | Reached XP level 1. HP: 15/15 MP: 3/3
    54 | D:1      | Reached skill level 3 in Evocations
   486 | D:1      | Reached XP level 2. HP: 14/22 MP: 4/4
  1512 | D:2      | Reached XP level 3. HP: 27/27 MP: 5/5
  2045 | D:2      | Reached skill level 4 in Evocations
  2197 | D:2      | Noticed Natasha
  2209 | D:2      | Killed Natasha
  3148 | D:2      | Noticed Natasha
  3152 | D:2      | Identified a scroll of acquirement
  3152 | D:2      | Acquired the ring of Xophesy {+Blink AC+4}
  3158 | D:2      | Killed Natasha
  3159 | D:2      | Reached XP level 4. HP: 25/34 MP: 6/6
  3223 | D:2      | Reached skill level 5 in Evocations
  3703 | D:2      | Reached XP level 5. HP: 29/39 MP: 7/7
  4288 | D:2      | Noticed Natasha
  4299 | D:2      | Killed Natasha
  4508 | D:2      | Identified the +6 short sword "Manigomo" {flame, Str+3
                  | Dex+3}
  4674 | D:3      | Reached skill level 6 in Evocations
  5429 | D:3      | Reached XP level 6. HP: 28/46 MP: 8/8
  5731 | D:4      | Noticed Pikel
  6077 | D:4      | Reached skill level 1 in Fighting
  6077 | D:4      | Reached skill level 1 in Dodging
  6276 | D:4      | Learned a level 5 spell: Fireball
  6587 | D:4      | Identified the +4 mace "Dragon's Death Toll" {vamp, Contam
                  | +Blink rC+ Int+5}
  6829 | D:4      | Killed Pikel
  6830 | D:4      | Reached skill level 1 in Spellcasting
  6830 | D:4      | Reached skill level 1 in Conjurations
  6830 | D:4      | Reached skill level 1 in Fire Magic
  6830 | D:4      | Reached skill level 7 in Evocations
  6830 | D:4      | Reached XP level 7. HP: 22/55 MP: 9/12
  7143 | D:5      | Entered Level 5 of the Dungeon
  7463 | D:5      | Reached XP level 8. HP: 39/62 MP: 14/14
  7954 | D:5      | Noticed Menkaure
  7963 | D:5      | Killed Menkaure
  8335 | D:5      | Identified the +5 ring mail of the Hart {-Tele rPois
                  | Regen+}
  8986 | D:6      | Reached skill level 8 in Evocations
  9133 | D:6      | Identified the amulet of Gutuof {Spirit rC+}
  9329 | D:6      | Noticed Eustachio
  9382 | D:6      | Killed Eustachio
  9419 | D:6      | Found a runed translucent door.
  9420 | D:6      | Noticed Crazy Yiuf
  9605 | D:6      | Killed Crazy Yiuf
  9880 | D:7      | Found a flagged portal.
  9905 | Bailey   | Entered a bailey
  9983 | Bailey   | Noticed an orc knight
 10006 | Bailey   | Killed an orc knight
 10007 | Bailey   | Reached skill level 1 in Short Blades
 10007 | Bailey   | Reached skill level 1 in Stealth
 10007 | Bailey   | Reached XP level 9. HP: 45/71 MP: 7/16
 10180 | Bailey   | Reached skill level 9 in Evocations
 10687 | D:7      | Found a staircase to the Ecumenical Temple.
 11392 | D:8      | Noticed Maurice
 11404 | D:8      | Killed Maurice
 11407 | D:8      | Noticed a two-headed ogre
 11708 | D:8      | Killed a two-headed ogre
 11772 | D:8      | Reached XP level 10. HP: 57/80 MP: 13/18
 11794 | D:8      | Reached skill level 5 in Fighting
 11950 | D:8      | Found a staircase to the Lair.
 11954 | D:8      | Identified the +4 trident of Jusiu {venom, Drain rC- rCorr
                  | Dex+7}
 12720 | D:7      | Reached skill level 10 in Evocations
 13093 | D:8      | Noticed Erica
 13102 | D:8      | Killed Erica
 13476 | Lair:1   | Entered Level 1 of the Lair of Beasts
 14404 | D:9      | Identified the +5 trident of Ylangas {freeze, rC+}
 15044 | D:8      | Reached XP level 11. HP: 74/89 MP: 13/19
 15270 | Lair:1   | You fall into a shaft and drop 1 floor!
 15365 | Lair:2   | Reached skill level 5 in Stealth
 15371 | Lair:2   | Reached skill level 5 in Fire Magic
 15513 | Lair:2   | Reached skill level 5 in Conjurations
 15691 | Lair:1   | Noticed a five-headed hydra
 15700 | Lair:1   | Killed a five-headed hydra
 15820 | Lair:1   | Reached skill level 5 in Short Blades
 15833 | Lair:1   | Reached skill level 11 in Evocations
 16603 | Lair:1   | Slain by a cane toad

Illustrated notes

Levels and vault maps discovered:
D:1:      sevenhm_arrival_forest_fort_small_1, layout_basic,
          dreamdust_ecumenical_altar_statues
D:2:      layout_basic, minmay_rat_hole, uniq_natasha
D:3:      layout_loops_ring
D:4:      nicolae_cairo_tiling_large, layout_cave_pools,
          grunt_temple_overflow_lords_of_destruction, serial_bayou,
          serial_bayou_lagoon_a, serial_bayou_lagoon_b, serial_bayou_pond_d,
          serial_bayou_pond_c, serial_bayou_pond_e, serial_bayou_pond_b,
          uniq_pikel
D:5:      layout_loops_cross, uniq_menkaure
D:6:      layout_loops_ring, uniq_crazy_yiuf_cottage, uniq_eustachio
D:7:      layout_loops_ring, mainiacjoe_overflow_paths,
          minmay_temple_entry_hall, enter_bailey_6
D:8:      layout_gridville, good_gods_mini_temple, erik_lair_island,
          serial_bayou_crossing, uniq_erica, uniq_maurice
D:9:      layout_rooms, nicolae_overflow_hallway_of_the_gods
Lair:1:   layout_cave_pods
Lair:2:   layout_cave_pods, beast_lair_carwin_5, lemuel_fruit_tree,
          uniq_gastronok

Skill      XL: |  1  2  3  4  5  6  7  8  9 10 11 |
---------------+----------------------------------+-----
Evocations     | 3 4 5 6 7 8 9 10 11 | 11.1
Fighting       | 2 4 5 6 |  6.0
Dodging        | 2 3 |  3.5
Spellcasting   | 1 2 3 |  3.7
Conjurations   | 1 2 3 4 5 |  5.5
Fire Magic     | 1 2 3 4 5 |  5.6
Short Blades   | 1 3 4 5 |  5.3
Stealth        | 1 3 4 5 |  5.8
Armour         | 3 4 |  4.1

Action                   |  1- 3 |  4- 6 |  7- 9 | 10-12 || total
-------------------------+-------+-------+-------+-------++-------
Melee: Club              |    60 |       |       |       ||    60
       Dagger            |   117 |    14 |    36 |       ||   167
       Punch             |     2 |     4 |     5 |     4 ||    15
       Whip              |       |   100 |       |       ||   100
       Short sword       |       |   175 |   270 |   504 ||   949
Throw: Boomerang         |       |       |     1 |       ||     1
 Cast: Fireball          |       |       |       |     5 ||     5
Evoke: Wand              |     9 |     5 |     8 |     5 ||    27
       Piece from Xom's  |     3 |     4 |     3 |    11 ||    21
  Use: Scroll            |     5 |     3 |     2 |     6 ||    16
       Potion            |     5 |       |       |       ||     5
 Stab: Sleeping          |     2 |       |       |     4 ||     6
       Paralysed         |       |       |    17 |     2 ||    19
       Petrified         |       |       |       |     3 ||     3
       Petrifying        |       |       |       |     2 ||     2
       Distracted        |       |       |       |     1 ||     1
Armor: Chain mail        |    95 |   174 |    31 |       ||   300
       Leather armour    |     1 |       |       |       ||     1
       Ring mail         |       |       |   131 |       ||   131
       Plate armour      |       |       |    44 |    72 ||   116
       Troll leather arm |       |       |       |   121 ||   121
Dodge: Dodged            |    60 |    80 |   242 |   290 ||   672
       Repelled          |       |       |     1 |     3 ||     4
